[Event "*** Titled Tuesday Blitz"]
[Site "Chess.com"]
[Date "2019.08.06"]
[Round "4"]
[White "Thee-Chessboy"]
[Black "AliKa2810"]
[Result "0-1"]
[WhiteElo "2401"]
[BlackElo "2533"]
[TimeControl "180+2"]
[EndTime "13:49:56 PDT"]
[Termination "AliKa2810 won by resignation"]

1. d4 d5 2. c4 c6 3. Nf3 Nf6 4. Nc3 dxc4 5. a4 Bf5 6. e3 e6 7. Bxc4 Nbd7 8. O-O Be7 9. Qe2 O-O 10. h3 Ne4 11. Rd1 Qa5 12. Nxe4 Bxe4 13. Nd2 Bg6 14. e4 e5 15. Nb3 Qc7 16. a5 Rad8 17.
f3 exd4 18. Nxd4 Ne5 19. Bb3 Bc5 20. Be3 Bh5 21. Nf5 Bxe3+ 22. Qxe3 Rxd1+ 23. Bxd1 Rd8 24. Bb3 h6 25. Bc2 Bg6 26. Nh4 Nc4 27. Qc3 Qg3 28.
Nxg6 Rd2 29. Ne7+ Kf8 30. Qxd2 Nxd2 31. Nf5 Nxf3+ 32. Kf1 Nd2+ 33. Ke2 Qxg2+ 0-1

[Event "*** Titled Tuesday Blitz"]
[Site "Chess.com"]
[Date "2019.08.06"]
[Round "4"]
[White "XiaoKangZhong"]
[Black "norwaytoadog"]
[Result "0-1"]
[WhiteElo "2350"]
[BlackElo "2254"]
[TimeControl "180+2"]
[EndTime "13:49:57 PDT"]
[Termination "norwaytoadog won by resignation"]

1. e4 e5 2. Nf3 Nc6 3. Bc4 Nf6 4. O-O Be7 5. d3 O-O 6. c3 d5 7. exd5 Nxd5 8. Qe2 Nb6 9. Bb3 Bg4 10. h3 Bh5 11.
Nbd2 Kh8 12. Ne4 h6 13. Ng3 Bg6 14. Bc2 Bd6 15. Be3 Nd5 16. Rad1 Qe7 17. Ne4 f5 18. Nxd6 cxd6 19. Bb3 Nf6 20. Rfe1 Bh5 21. Qc2 Bxf3 22. gxf3 f4 23. Bc1 Qd7 24. Kh2 Qf5 25. Rg1 Qh5 26. Qe2 Rae8 27. Rg2 d5 28. Rdg1 e4 29. dxe4 dxe4 30. Rxg7 exf3 31. Qc4 Re2 32. Qc5 Qxc5 0-1

[Event "*** Titled Tuesday Blitz"]
[Site "Chess.com"]
[Date "2019.08.06"]
[Round "4"]
[White "vugarrasulov"]
[Black "Firouzja2003"]
[Result "0-1"]
[WhiteElo "2829"]
[BlackElo "3002"]
[TimeControl "180+2"]
[EndTime "13:50:01 PDT"]
[Termination "Firouzja2003 won by resignation"]

1. e4 e5 2. Nf3 Nc6 3. Bb5 a6 4. Ba4 Nf6 5. O-O Be7 6. d3 b5 7. Bb3 d6 8. a4 b4 9. Nbd2 Na5 10. Ba2 c5 11. Nc4 Nc6 12. Ne3 O-O 13. Nd5 Nxd5 14. Bxd5 Bb7 15. c3 Qd7 16. d4 cxd4 17. cxd4 Nxd4 18.
Nxd4 Bxd5 19. exd5 exd4 20. Qxd4 a5 21. Be3 Bf6 22. Qd2 Rfc8 23. Bd4 Bxd4 24. Qxd4 Rc5 25. b3 Qf5 26. Rad1 Re8 27. Qd3 Qxd3 28. Rxd3 Re2 29. g3 g6 30. Kg2 Rb2 31. Re1 Rc3 32. Rxc3 bxc3 33. Re8+ Kg7 34. Rd8 c2 35. Rc8 Kf6 36.
Rc4 Ke5 37. Kh3 Kxd5 38. Kg4 Ke5 39. f4+ Ke6 40. Kf3 Rxb3+ 41. Ke2 Rb2 42. Kd2 c1=Q+ 43. Kxc1 Rxh2 44. Rc7 Ra2 45. Rc4 h5 46. Kb1 Ra3 0-1

[Event "*** Titled Tuesday Blitz"]
[Site "Chess.com"]
[Date "2019.08.06"]
[Round "4"]
[White "Cruel_Yaro"]
[Black "EugeneRougon"]
[Result "1-0"]
[WhiteElo "2761"]
[BlackElo "2659"]
[TimeControl "180+2"]
[EndTime "13:50:02 PDT"]
[Termination "Cruel_Yaro won by checkmate"]

1. Nf3 d5 2. g3 Nf6 3. Bg2 Bf5 4. O-O e6 5. d3 Be7 6. Nh4 Bg4 7. h3 Bh5 8. f4 Nfd7 9. Nf3 Bg6 10. Nc3 O-O 11.
e4 dxe4 12. dxe4 Nc6 13. g4 f5 14. gxf5 exf5 15. e5 Nc5 16. Be3 Ne6 17. Qxd8 Raxd8 18. Rad1 Bh5 19. Nd5 Rd7 20. Nf6+ gxf6 21. Rxd7 Bxf3 22. Bxf3 Rd8 23. Rxd8+ Ncxd8 24. exf6 Bxf6 25. c3 c6 26. Rd1 Kf7 27. Rd7+ Be7 28. Bh5+ Kf6 29. Bf2 Nxf4 30. Bh4+ Ke5 31. Rxe7+ Nde6 32. Bf7 Kd6 33. Bxe6 Nxe6 34. Rxb7 a5 35. Rxh7 a4 36. Rh6 Kd5 37. Rxe6 Kxe6 38.
Bg3 Kd5 39. h4 Ke4 40. h5 f4 41. Bxf4 Kxf4 42. h6 Ke3 43. h7 Kd3 44. h8=Q Kc2 45.
c4 Kb1 46. a3 Ka2 47. Qc3 Kb1 48.
b4 Ka2 49. b5 cxb5 50. cxb5 Kb1 51. b6 Ka2 52. b7 Kb1 53. b8=Q+ Ka2 54. Qbb2# 1-0

[Event "*** Titled Tuesday Blitz"]
[Site "Chess.com"]
[Date "2019.08.06"]
[Round "4"]
[White "twitchTriniCupid"]
[Black "fidezivkovic"]
[Result "1-0"]
[WhiteElo "2281"]
[BlackElo "2269"]
[TimeControl "180+2"]
[EndTime "13:50:03 PDT"]
[Termination "twitchTriniCupid won on time"]

1. d4 Nf6 2. Nf3 e6 3. g3 c5 4. Bg2 Nc6 5. O-O d5 6. c4 dxc4 7. Qa4 Bd7 8. Qxc4 cxd4 9. Nxd4 Rc8 10. Nc3 Be7 11. Bg5 O-O 12. Rad1 Qb6 13. Na4 Qa5 14.
Bxf6 Bxf6 15. Nb3 Qc7 16. Nac5 Be8 17. Ne4 Bxb2 18. Nd6 Rd8 19. Nb5 Qb6 20. a4 a6 21.
Nd6 Ne5 22. Qc2 1-0

[Event "*** Titled Tuesday Blitz"]
[Site "Chess.com"]
[Date "2019.08.06"]
[Round "4"]
[White "mikhaillushenkov"]
[Black "Vnebo"]
[Result "1-0"]
[WhiteElo "2686"]
[BlackElo "2693"]
[TimeControl "180+2"]
[EndTime "13:50:05 PDT"]
[Termination "mikhaillushenkov won by resignation"]

1. Nf3 d5 2. d4 Nf6 3. c4 c6 4. Nc3 dxc4 5. e3 b5 6. a4 b4 7. Na2 e6 8. Bxc4 Bb7 9. Bd2 a5 10. Nc1 Nbd7 11. Nb3 Be7 12. Qe2 O-O 13. O-O c5 14.
Rfc1 Qb6 15. Be1 Rac8 16. Bb5 Rfd8 17. Nfd2 Bd5 18. f3 cxd4 19. Nxd4 e5 20. Nf5 Bc5 21. Bf2 e4 22. f4 Qe6 23. g4 Bb6 24. h3 Nc5 25.
Nd4 Qd6 26. g5 Nfd7 27. Qg4 Rc7 28. Kh2 Nd3 29. Bxd3 Rxc1 30. Rxc1 Bxd4 31. Bxe4 Bxb2 32. Rd1 Nc5 33. Nc4 Qb8 34. Bxd5 b3 35. Nxb2 1-0

[Event "*** Titled Tuesday Blitz"]
[Site "Chess.com"]
[Date "2019.08.06"]
[Round "4"]
[White "mitrabhaa"]
[Black "AtabayevSaparmyrat"]
[Result "0-1"]
[WhiteElo "2680"]
[BlackElo "2622"]
[TimeControl "180+2"]
[EndTime "13:50:05 PDT"]
[Termination "AtabayevSaparmyrat won by resignation"]

1. d4 Nf6 2. Nf3 g6 3. g3 Bg7 4. Bg2 O-O 5. O-O d5 6. c4 dxc4 7. Na3 c3 8. bxc3 c5 9. Re1 Qa5 10. Bb2 Rd8 11. Qb3 Qa6 12. e4 Nc6 13. Rad1 cxd4 14.
cxd4 Bg4 15. h3 Bxf3 16. Bxf3 Na5 17. Qb5 Qxb5 18. Nxb5 Nc4 19. Ba1 a6 20. Nc3 e6 21.
d5 e5 22. Be2 Rac8 23. a4 Ne8 24. Rb1 Ned6 25. Rb4 Bf8 26. Reb1 Nd2 27. Rd1 N2c4 28. Rb3 Rc7 29. f4 Bg7 30. Kf2 Rdc8 31. Rdb1 Nd2 0-1

[Event "*** Titled Tuesday Blitz"]
[Site "Chess.com"]
[Date "2019.08.06"]
[Round "4"]
[White "iLuusions"]
[Black "TijanaBlagojevic"]
[Result "1-0"]
[WhiteElo "2540"]
[BlackElo "2303"]
[TimeControl "180+2"]
[EndTime "13:50:05 PDT"]
[Termination "iLuusions won by resignation"]

1. d4 d5 2. c4 c6 3. Nf3 Nf6 4.
Nc3 e6 5. Bg5 Nbd7 6. cxd5 e5 7.
dxe5 h6 8. Bh4 g5 9. dxc6 gxh4 10.
exf6 Nxf6 11. Qxd8+ Kxd8 12. cxb7 Bxb7 13. O-O-O+ Kc7 14.
Nxh4 Bb4 15. e3 Rac8 16. Nb5+ Kb6+ 17. Kb1 Ne4 18. a3 Be7 19. Nf5 Bf6 20. f3 Nc5 21.
Rd6+ Rc6 22. Rxc6+ Bxc6 23. Nbd4 Na4 24. Bc4 Rd8 25. Rc1 Nc5 26. Bxf7 Ba4 27. Ka2 Nd3 28. Rc3 Nc5 29. Bc4 a5 30. b4 axb4 31. axb4 Nb7 32. Ra3 Ra8 33. Kb2 Be5 34. Bb3 Bxb3 35.
Rxa8 1-0

[Event "*** Titled Tuesday Blitz"]
[Site "Chess.com"]
[Date "2019.08.06"]
[Round "4"]
[White "SergeiAza"]
[Black "vlad_Sid"]
[Result "0-1"]
[WhiteElo "2802"]
[BlackElo "2580"]
[TimeControl "180+2"]
[EndTime "13:50:06 PDT"]
[Termination "vlad_Sid won by resignation"]

1. e4 c6 2. d4 d5 3. Nc3 dxe4 4. Nxe4 Nf6 5. Ng3 h5 6. h3 h4 7. N3e2 Bf5 8. Nf3 e6 9. Nf4 c5 10. Bb5+ Nc6 11. O-O Qb6 12. Bxc6+ bxc6 13. dxc5 Bxc5 14. c3 Rd8 15. Qe2 Bd6 16. Nd4 Be4 17. Be3 c5 18. Ndxe6 fxe6 19. Nxe6 Rd7 20. Bg5 Re7 21. f3 Bf5 22.
Nxg7+ Kf7 23. Qxe7+ Bxe7 24. Nxf5 Qxb2 25. Rae1 Bf8 26.
Re3 Kg6 27. Bxf6 Kxf6 28. g4 hxg3 29. Nxg3 Rxh3 30. Rf2 Qc1+ 31. Nf1 c4 32. Kg2 Bc5 33. Rfe2 Bxe3 34. Nxe3 Rh8 35. Ng4+ Kg7 36. Re7+ Kf8 37. Re3 Qh1+ 0-1

[Event "*** Titled Tuesday Blitz"]
[Site "Chess.com"]
[Date "2019.08.06"]
[Round "4"]
[White "Mostii"]
[Black "belisarius64"]
[Result "0-1"]
[WhiteElo "2364"]
[BlackElo "2644"]
[TimeControl "180+2"]
[EndTime "13:50:07 PDT"]
[Termination "belisarius64 won by checkmate"]

1. d4 Nf6 2. Nf3 g6 3. g3 d5 4. Bg2 Bg7 5. O-O c6 6. b3 O-O 7. Bb2 a5 8. Nbd2 a4 9. c4 Bf5 10. Nh4 Be6 11. c5 Qc8 12. Re1 Bh3 13. Bh1 Re8 14.
f4 a3 15. Bc3 Na6 16. b4 b6 17. e4 dxe4 18. Nxe4 bxc5 19. Nxc5 Nd5 20. Bxd5 cxd5 21.
Qf3 Nxb4 22. Bxb4 Bxd4+ 23. Kh1 Bxc5 24. Bxc5 Qxc5 25. g4 Ra4 26. Qxh3 Rxf4 27. Ng2 Rf2 28. Rac1 Qd6 29. Qb3 e5 30. Rcd1 d4 31. Kg1 Rb2 32.
Qa4 Rc8 33. Rd3 Rcc2 34. Rg3 Qd5 35. Qe8+ Kg7 36. Nh4 Rxh2 37. Nf5+ Kf6 38. Qh8+ Kg5 39. Qe8 Rh1# 0-1

[Event "*** Titled Tuesday Blitz"]
[Site "Chess.com"]
[Date "2019.08.06"]
[Round "4"]
[White "AminMolaei"]
[Black "gmcorrales"]
[Result "1-0"]
[WhiteElo "2556"]
[BlackElo "2724"]
[TimeControl "180+2"]
[EndTime "13:50:09 PDT"]
[Termination "AminMolaei won by resignation"]

1. d4 Nf6 2. c4 g6 3. Nc3 d5 4. Bg5 Bg7 5. Nf3 Ne4 6. Bh4 Nxc3 7. bxc3 c5 8. e3 Nc6 9. cxd5 Qxd5 10. Be2 cxd4 11. cxd4 Qa5+ 12. Qd2 Qxd2+ 13. Kxd2 Bf5 14. Rhc1 Rc8 15. Rc5 b6 16. Rc3 Na5 17. Bb5+ Kd8 18.
Rac1 Rxc3 19. Rxc3 Bd7 20. Ba6 f6 21. Bg3 Bc6 22.
d5 Bxd5 23. Rd3 e6 24. e4 Bh6+ 25. Ke2 Nc6 26. a3 Ne7 27. exd5 Nxd5 28. Bc4 Kd7 29. Bxd5 exd5 30. Rxd5+ Kc6 31. Rd6+ Kb5 32. Rxf6 Re8+ 33. Kd3 Bf8 34. Rf7 a5 35. Nd4+ Ka4 36. Kc4 Rc8+ 37. Rc7 Re8 38. Rc6 Bc5 39. Bd6 Bxd6 40. Rxd6 b5+ 41.
Kd3 Rb8 42. Ra6 Rd8 43. Kc3 Rc8+ 44. Nc6 b4+ 45. Kc4 Kxa3 46. Rxa5+ Kb2 47. Rc5 b3 48. Nd4 Rb8 49. Rb5 Rc8+ 50. Kd5 Rd8+ 51. Ke4 Re8+ 52. Kd3 1-0

[Event "*** Titled Tuesday Blitz"]
[Site "Chess.com"]
[Date "2019.08.06"]
[Round "4"]
[White "Bigfish1995"]
[Black "VladimirBelous"]
[Result "1-0"]
[WhiteElo "3058"]
[BlackElo "2799"]
[TimeControl "180+2"]
[EndTime "13:50:10 PDT"]
[Termination "Bigfish1995 won by checkmate"]

1. d4 Nf6 2. c4 g6 3. Nc3 Bg7 4. e4 d6 5. Nf3 O-O 6. h3 a5 7. Be3 Na6 8. Be2 e5 9. d5 Nc5 10. Nd2 a4 11. g4 c6 12. h4 Qa5 13. Bxc5 dxc5 14. a3 Ne8 15. Bd3 Nd6 16. Qe2 Bd7 17. Rd1 Rad8 18. Kf1 cxd5 19. Nxd5 Be6 20.
h5 Bxd5 21. exd5 f5 22. hxg6 e4 23. gxf5 Nxf5 24. Nxe4 Rde8 25. Qh5 h6 26. Nf6+ Rxf6 27. Bxf5 Ref8 28. Be6+ Kh8 29. Bf7 Qb6 30. Qxh6+ Bxh6 31. Rxh6+ Kg7 32. Rh7# 1-0

[Event "*** Titled Tuesday Blitz"]
[Site "Chess.com"]
[Date "2019.08.06"]
[Round "4"]
[White "rekosheten"]
[Black "GremioPrudente"]
[Result "0-1"]
[WhiteElo "2350"]
[BlackElo "2235"]
[TimeControl "180+2"]
[EndTime "13:50:11 PDT"]
[Termination "GremioPrudente won by resignation"]

1. e4 e6 2. d4 d5 3. e5 c5 4.
c3 Qb6 5. Nf3 Bd7 6. Bd3 Bb5 7.
O-O Bxd3 8. Qxd3 Nc6 9. dxc5 Bxc5 10. b4 Bf8 11. a4 Nge7 12. Bf4 Ng6 13. Bg3 Qc7 14.
Re1 Be7 15. Na3 a6 16. Nc2 O-O 17. h4 h5 18. Rac1 Qd8 19. Ncd4 Nxd4 20. Nxd4 Nxh4 21. Bxh4 Bxh4 22. g3 Bg5 23. f4 Bh6 24. Rc2 Re8 25.
f5 Rc8 26. Rh2 Qg5 27. Kg2 Qd2+ 28. Qxd2 Bxd2 29. Re2 Bxc3 30. Nf3 exf5 31. Rxh5 d4 32. Rxf5 d3 33. Ra2 Bxb4 34. Kf2 Rc2+ 0-1

[Event "*** Titled Tuesday Blitz"]
[Site "Chess.com"]
[Date "2019.08.06"]
[Round "4"]
[White "Faustregel"]
[Black "timator"]
[Result "1-0"]
[WhiteElo "2519"]
[BlackElo "2385"]
[TimeControl "180+2"]
[EndTime "13:50:12 PDT"]
[Termination "Faustregel won by checkmate"]

1. e4 c5 2. Nf3 d6 3. d4 cxd4 4. Nxd4 Nf6 5. Nc3 a6 6. Bg5 Nbd7 7. f4 Qc7 8. Qf3 b5 9. O-O-O Bb7 10. Nd5 Nxd5 11. exd5 Nf6 12. Bxf6 gxf6 13. Kb1 e6 14. Bd3 Bxd5 15. Be4 Bxe4 16. Qxe4 d5 17. Qe2 O-O-O 18. Rd3 Kb7 19. Rc3 Qd7 20. a4 Rc8 21. Rxc8 Qxc8 22.
axb5 a5 23. Nc6 Qc7 24. f5 e5 25. Rd1 d4 26. c3 dxc3 27. Rd8 Bg7 28. Rxh8 Bxh8 29.
bxc3 Qb6 30. Kb2 Qc5 31. Kb3 Kb6 32. c4 Bg7 33. Qd3 Kc7 34. Qd8+ Kb7 35. Qb8# 1-0

[Event "*** Titled Tuesday Blitz"]
[Site "Chess.com"]
[Date "2019.08.06"]
[Round "4"]
[White "Alexander_Moskalenko"]
[Black "Atakishiyev04"]
[Result "1-0"]
[WhiteElo "2866"]
[BlackElo "2616"]
[TimeControl "180+2"]
[EndTime "13:50:13 PDT"]
[Termination "Alexander_Moskalenko won by resignation"]

1. c4 e5 2. Nc3 Nf6 3. Nf3 Nc6 4. d4 exd4 5. Nxd4 Bc5 6. Nxc6 bxc6 7. g3 O-O 8. Bg2 Rb8 9. O-O Ba6 10. b3 Re8 11. Bb2 Qe7 12. Qc2 Ba3 13. Rad1 Bxb2 14. Qxb2 Bxc4 15. Rfe1 Ba6 16. Qc2 c5 17. e4 d6 18. e5 dxe5 19. Nd5 Nxd5 20. Rxd5 Bb7 21. Rxc5 Bxg2 22. Kxg2 Rbc8 23. Rc1 Qd6 24. Rxc7 Rxc7 25. Qxc7 Qd5+ 26. Kg1 e4 27. Qc6 Qe5 28. Rc5 Qe7 29. Rc3 h6 30. h4 Qe5 31. Re3 a5 32. Rc3 Rd8 33. Kg2 Qf5 34. Qc5 Qf6 35. Re3 Qe6 36. Qxa5 Rd1 37. Qa8+ Kh7 38. Qxe4+ Qxe4+ 39. Rxe4 Ra1 40. a4 Ra3 41. Rb4 Kg6 42. Rb5 Kf6 43. h5 Ke6 44. a5 Kd6 45. b4 Kc6 46. Rb6+ Kc7 47. g4 Ra4 48. Kg3 Ra3+ 49. f3 Ra2 50.
Rb5 Kc6 51. Rb8 Ra4 52. a6 Kc7 53. Rb7+ Kd6 54. b5 Ra5 55. a7 Kc5 56. b6 Kc6 57.
Rb8 1-0

[Event "*** Titled Tuesday Blitz"]
[Site "Chess.com"]
[Date "2019.08.06"]
[Round "4"]
[White "tigra"]
[Black "Pechen_Yeltsina"]
[Result "1-0"]
[WhiteElo "2742"]
[BlackElo "2661"]
[TimeControl "180+2"]
[EndTime "13:50:14 PDT"]
[Termination "tigra won on time"]

1. d4 g6 2. Nc3 Bg7 3. e4 d6 4. Be3 a6 5. Qd2 Nd7 6. h4 h6 7. g4 b5 8. O-O-O Bb7 9. f3 Rc8 10. Kb1 Nb6 11. b3 Nf6 12. Bh3 Nfd7 13. g5 hxg5 14. hxg5 c5 15. dxc5 Nxc5 16. Bd4 e5 17. Bxc5 Rxc5 18. Qxd6 Qxd6 19. Rxd6 Rxc3 20. Rxb6 Bc8 21.
Kb2 Rc7 22. Rb8 Ke7 23. Rh2 Rh5 24. a3 Be6 25. Rg8 1-0

[Event "*** Titled Tuesday Blitz"]
[Site "Chess.com"]
[Date "2019.08.06"]
[Round "4"]
[White "Mbneu"]
[Black "Irochka83"]
[Result "0-1"]
[WhiteElo "2275"]
[BlackElo "2281"]
[TimeControl "180+2"]
[EndTime "13:50:17 PDT"]
[Termination "Irochka83 won by resignation"]

1. d4 c5 2. d5 e5 3. g3 d6 4. Bg2 f5 5. e4 Nf6 6. Nc3 g6 7. Nge2 Bg7 8. O-O O-O 9. f4 Nbd7 10. exf5 gxf5 11. Kh1 e4 12. Be3 Ng4 13. Bg1 h5 14. h3 Nh6 15. Qe1 Nf6 16. Rd1 Kh8 17. Rd2 Rg8 18.
Nd1 h4 19. Bh2 Nh5 20. Ne3 hxg3 21. Nxg3 Nxg3+ 22. Bxg3 Bxb2 23. Bh4 Bf6 24. Bg5 Bxg5 25. fxg5 Qxg5 26. Rg1 f4 27. Nc4 Nf5 28. Bxe4 Ng3+ 29. Kh2 Qh4 30. Bg2 f3 31. Bf1 Nxf1+ 32. Qxf1 Rxg1 33.
Kxg1 Bxh3 34. Qf2 Rg8+ 35. Kh1 Bg2+ 0-1

[Event "*** Titled Tuesday Blitz"]
[Site "Chess.com"]
[Date "2019.08.06"]
[Round "4"]
[White "severomorskij"]
[Black "Didici"]
[Result "1-0"]
[WhiteElo "2845"]
[BlackElo "2646"]
[TimeControl "180+2"]
[EndTime "13:50:22 PDT"]
[Termination "severomorskij won by resignation"]

1. d4 f5 2. Bg5 h6 3. Bh4 g5 4. e4 Rh7 5. exf5 gxh4 6. Qh5+ Rf7 7. Nf3 Nc6 8. d5 Nf6 9. Qg6 Nxd5 10. Bc4 e6 11. Bxd5 exd5 12. Nc3 Bb4 13. O-O-O Bxc3 14. Qg8+ Rf8 15. Rhe1+ Bxe1 16. Rxe1+ Qe7 17. Qg6+ Kd8 18. Rxe7 Nxe7 19. Qxh6 Rxf5 20. Qh8+ Ng8 21. Qxg8+ Ke7 22. Qg7+ Rf7 23. Qg5+ Ke8 24. Ne5 Rxf2 25. Qh5+ Kf8 26. Qh8+ Ke7 27. Qxh4+ Ke6 28. Qxf2 Kxe5 29. h4 d6 30. Qf8 d4 31. h5 b6 32. h6 Bb7 33.
Qg7+ Kd5 34. h7 Kc5 35. h8=Q Rxh8 36. Qxh8 Bxg2 37. Qg7 Bc6 38. Qxc7 a5 39. Kd2 1-0

[Event "*** Titled Tuesday Blitz"]
[Site "Chess.com"]
[Date "2019.08.06"]
[Round "4"]
[White "Padenie_Zvezd"]
[Black "12teen"]
[Result "1-0"]
[WhiteElo "2814"]
[BlackElo "2656"]
[TimeControl "180+2"]
[EndTime "13:50:24 PDT"]
[Termination "Padenie_Zvezd won by resignation"]

1. d4 b5 2. e4 a6 3. Nf3 Bb7 4. Bd3 e6 5. O-O Nf6 6. Nbd2 d5 7. Qe2 c5 8. dxc5 Bxc5 9. e5 Nfd7 10. Nb3 Be7 11.
Nbd4 Qc7 12. c3 Nc6 13. Bf4 h6 14. Bg3 Nb6 15. Nxc6 Bxc6 16. Nd4 Bd7 17. Nf5 Bf8 18. Nd6+ Bxd6 19. exd6 Qc5 20. Qg4 O-O 21. Be5 f6 22. Bd4 Qxd6 23. Qg6 e5 24. Qh7+ Kf7 25. Bg6+ Ke6 26.
Qxg7 Nc4 27. f4 Qc6 28. fxe5 f5 29. Bxf5+ Rxf5 30. Rxf5 Kxf5 31. Rf1+ Ke4 32. Qh7+ 1-0

[Event "*** Titled Tuesday Blitz"]
[Site "Chess.com"]
[Date "2019.08.06"]
[Round "4"]
[White "Konavets"]
[Black "Shahinyan_ChessMood"]
[Result "1-0"]
[WhiteElo "3001"]
[BlackElo "2762"]
[TimeControl "180+2"]
[EndTime "13:50:27 PDT"]
[Termination "Konavets won by resignation"]

1. e4 d6 2. d4 Nf6 3. Nc3 e5 4. Nf3 Nbd7 5. Rg1 h5 6. Bg5 Be7 7.
Qd2 c6 8. O-O-O Qa5 9. Kb1 b5 10.
a3 Rb8 11. Bd3 Qb6 12. Be3 Qb7 13. Ne2 c5 14. dxe5 dxe5 15. Ng3 c4 16. Be2 Nxe4 17.
Nxe4 Qxe4 18. Bxa7 Ra8 19. Be3 b4 20. axb4 Qc6 21.
Qd5 Qa4 22. c3 Nf6 23. Qxe5 Ng4 24. Qe4 g6 25. Nd4 Nf6 26. Qe5 Qa1+ 27. Kc2 Qa4+ 28.
Kd2 Bb7 29. Ra1 Qd7 30. Rxa8+ Bxa8 31. Bxc4 O-O 32. Rd1 Bd6 33. Qxf6 1-0

[Event "*** Titled Tuesday Blitz"]
[Site "Chess.com"]
[Date "2019.08.06"]
[Round "4"]
[White "KuzubovYuriy"]
[Black "AntonSmirnov"]
[Result "0-1"]
[WhiteElo "2625"]
[BlackElo "2867"]
[TimeControl "180+2"]
[EndTime "13:50:27 PDT"]
[Termination "AntonSmirnov won by resignation"]

1. d4 d5 2. c4 c6 3. Nf3 Nf6 4. Nc3 dxc4 5. a4 Bf5 6. e3 e6 7.
Bxc4 Bb4 8. O-O Nbd7 9. Qe2 O-O 10. e4 Bg6 11. Bd3 Bh5 12. h3 Re8 13. g4 Bg6 14.
Bf4 Qa5 15. Rfc1 a6 16. Na2 Bf8 17. Bd2 Qc7 18. b4 h6 19. Rab1 Qd8 20. Nc3 e5 21. dxe5 Nxe5 22. Nxe5 Rxe5 23. f3 Re8 24. Rd1 Nd5 25. b5 axb5 26. axb5 Qh4 27. Qf2 Bc5 28. Qxc5 Qg3+ 29. Kh1 Qxh3+ 30. Kg1 Qg3+ 31. Kh1 Qh3+ 32.
Kg1 Qg3+ 33. Kh1 Qxf3+ 34. Kh2 Qxd3 35. exd5 Ra2 36. Qf2 Qxc3 37. bxc6 Bxb1 38. Bxc3 Rxf2+ 39. Kg3 Rc2 0-1

[Event "*** Titled Tuesday Blitz"]
[Site "Chess.com"]
[Date "2019.08.06"]
[Round "4"]
[White "Vadim_Biliy"]
[Black "sebsep"]
[Result "1-0"]
[WhiteElo "2225"]
[BlackElo "2115"]
[TimeControl "180+2"]
[EndTime "13:50:27 PDT"]
[Termination "Vadim_Biliy won by resignation"]

1. d4 Nf6 2. Nf3 g6 3. e3 Bg7 4.
Be2 O-O 5. O-O c5 6. b3 b6 7. Bb2 Bb7 8. c4 cxd4 9. Nxd4 d5 10. Bf3 e5 11. Nb5 e4 12. Be2 a6 13. Nd4 Nbd7 14.
Nc3 Re8 15. cxd5 Nxd5 16. Nxd5 Bxd5 17. Rc1 Ne5 18. Rc2 b5 19. Rd2 Qg5 20. Nxb5 Nd3 21.
Bxg7 Kxg7 22. Bxd3 exd3 23. f4 Qe7 24. Nc3 Qxe3+ 25.
Kh1 Bc6 26. Rxd3 Qc5 27. f5 Qe5 28. f6+ Kg8 29. Nd5 Bxd5 30. Rxd5 Qb2 31. Rd2 Qe5 32. h3 Rac8 33. Rdf2 Rcd8 34. Qc1 Qh5 35. Qc4 a5 36.
a3 Re5 37. b4 axb4 38. Qxb4 Rb5 39. Qe7 Rdb8 40. Re1 h6 41. Rfe2 Qh4 42. Qd6 R5b6 43.
Re8+ Kh7 44. Qe7 Rxe8 45. Qxf7+ 1-0

[Event "*** Titled Tuesday Blitz"]
[Site "Chess.com"]
[Date "2019.08.06"]
[Round "4"]
[White "Kubas1010"]
[Black "SantoBlue"]
[Result "0-1"]
[WhiteElo "2580"]
[BlackElo "2807"]
[TimeControl "180+2"]
[EndTime "13:50:29 PDT"]
[Termination "SantoBlue won by resignation"]

1. d4 g6 2. e4 Bg7 3. Nf3 d6 4. Bc4 e6 5. O-O Ne7 6. Re1 b6 7. Nc3 Bb7 8. Be3 a6 9. a4 Nd7 10. Qd2 h6 11. b4 Nf6 12. d5 e5 13. h3 Nh5 14. a5 Nf4 15. Bf1 O-O 16. axb6 cxb6 17.
Na4 b5 18. Nb6 Rb8 19. c4 f5 20. g3 fxe4 21. Nh2 bxc4 22. gxf4 exf4 23. Bd4 Bxd4 24. Qxd4 Nf5 25. Qxe4 Qxb6 26. Qxf4 Bxd5 27. Bxc4 Ne7 28. Bxd5+ Nxd5 29. Qg3 Kh7 30. Rad1 Rf5 31. Ng4 Rbf8 32. Qh4 Rh5 33. Re7+ Kg8 34. Nxh6+ Rxh6 35. Qxh6 Qxf2+ 36. Kh1 Qf3+ 37. Kh2 Nxe7 38. Rg1 Qf4+ 39. Qxf4 Rxf4 40. Rd1 d5 41. Ra1 Rf6 42. Kg3 Kf7 43. Kg4 d4 0-1

[Event "*** Titled Tuesday Blitz"]
[Site "Chess.com"]
[Date "2019.08.06"]
[Round "4"]
[White "kesarev"]
[Black "SaraciNderim"]
[Result "0-1"]
[WhiteElo "2478"]
[BlackElo "2821"]
[TimeControl "180+2"]
[EndTime "13:50:30 PDT"]
[Termination "SaraciNderim won by resignation"]

1. Nf3 d5 2. c4 c6 3. d4 Nf6 4. Nc3 dxc4 5. a4 Bf5 6. Nh4 Be6 7. e4 a5 8. f4 Bg4 9. Qd2 e6 10. Nf3 Bb4 11. Qe3 Bxf3 12. gxf3 b5 13. Bd2 Nbd7 14. Rg1 O-O 15. Bh3 Nb6 16. axb5 cxb5 17. Nxb5 Nfd5 18.
exd5 Qh4+ 19. Rg3 Nxd5 20. Qe5 g6 21. Nc3 Be7 22. Ne4 Nb4 23. Kf1 Nd3 24. Qb5 Nxf4 25. Bxf4 Qxf4 26. Qxc4 Rab8 27. Rb1 Rfc8 28. Qd3 Rc1+ 29.
Rxc1 Qxc1+ 30. Kf2 Rxb2+ 31. Qe2 Rxe2+ 32. Kxe2 a4 0-1

[Event "*** Titled Tuesday Blitz"]
[Site "Chess.com"]
[Date "2019.08.06"]
[Round "4"]
[White "ama18"]
[Black "NemtsevIgor"]
[Result "1-0"]
[WhiteElo "2449"]
[BlackElo "2321"]
[TimeControl "180+2"]
[EndTime "13:50:32 PDT"]
[Termination "ama18 won by checkmate"]

1. d4 c6 2. c4 d6 3. Nf3 h6 4.
Nc3 g5 5. h3 Bg7 6. e4 Nd7 7.
Be3 e6 8. Qd2 Ne7 9. O-O-O f5 10. exf5 exf5 11. g3 O-O 12. Bd3 a6 13. c5 dxc5 14.
dxc5 Qa5 15. Bc4+ Kh8 16. Bd4 Qb4 17. Bxg7+ Kxg7 18. Qd4+ Nf6 19. Rhe1 Ng6 20. a3 Qa5 21.
Qd6 b5 22. Re7+ Kh8 23. Ne5 Nxe5 24. Rxe5 Bd7 25. Ba2 b4 26. axb4 Qxb4 27. Re7 Rab8 28. Rd2 Qb7 29. Qe5 Qc8 30. Rdxd7 Rb4 31. Rh7# 1-0

[Event "*** Titled Tuesday Blitz"]
[Site "Chess.com"]
[Date "2019.08.06"]
[Round "4"]
[White "GeorgeTen"]
[Black "Nancy11111"]
[Result "0-1"]
[WhiteElo "2244"]
[BlackElo "2318"]
[TimeControl "180+2"]
[EndTime "13:50:32 PDT"]
[Termination "Nancy11111 won by resignation"]

1. d4 f5 2. Bg5 d5 3. c4 c6 4. Nc3 Nf6 5. Bxf6 exf6 6. e3 Be6 7. Bd3 dxc4 8. Bc2 Bd6 9. Qf3 g6 10. h4 Qd7 11. h5 g5 12. g4 f4 13. exf4 Bxf4 14. Nge2 Bxg4 15. Qe4+ Qe6 16. Nxf4 gxf4 17. Kd2 Qxe4 18. Nxe4 Nd7 19. Nd6+ Ke7 20. Nxc4 Rad8 21. Rae1+ Kf8 22. h6 Nb6 23. Nxb6 axb6 24. Kc3 Kf7 25. Rhg1 f5 26. f3 Bxf3 27. Bxf5 Bd5 28. Rg7+ Kf6 29. Bxh7 f3 30. Re5 Rxh7 31. Rgg5 Rxh6 32. Ref5+ Ke6 33. Re5+ Kd6 34. Rgf5 b5 35. Kb4 Rh2 36. b3 Rxa2 37. Rf6+ Kc7 38. Kc5 b6+ 39. Kb4 Rb2 40. Re7+ Rd7 0-1

[Event "*** Titled Tuesday Blitz"]
[Site "Chess.com"]
[Date "2019.08.06"]
[Round "4"]
[White "amatatanav"]
[Black "IakovUlivar"]
[Result "0-1"]
[WhiteElo "2495"]
[BlackElo "2518"]
[TimeControl "180+2"]
[EndTime "13:50:33 PDT"]
[Termination "IakovUlivar won on time"]

1. e4 e5 2. Bc4 Nf6 3. d3 Nc6 4. Nc3 Na5 5. Bb3 Nxb3 6. axb3 Bb4 7. Ne2 d6 8. O-O h6 9. f4 Bg4 10. Qe1 Bxe2 11. Qxe2 Qd7 12. Be3 a6 13. Kh1 Qc6 14. Bd2 Bc5 15. Ra4 Bd4 16. Be3 Bxe3 17. Qxe3 Qd7 18.
fxe5 dxe5 19. Qg3 O-O-O 20. Qxg7 Nh5 21. Qxf7 Nf4 22. Qxd7+ Rxd7 23. g3 Ne6 24. Ne2 h5 25. Rf5 h4 26. Rxe5 hxg3 27. Nxg3 Nf4 0-1